 Dungeon Crawl Stone Soup version 0.31.0-12-g77e489cdc1 (webtiles) character file.

Game seed: 3937948194793248054

64 Bobsterar the Poker (level 3, 0/27 HPs)
             Began as a Demonspawn Gladiator on Mar 6, 2024.
             Slain by a ribbon worm (5 damage)
             ... on level 1 of the Dungeon.
             The game lasted 00:03:19 (833 turns).

Bobsterar the Poker (Demonspawn Gladiator)           Turns: 833, Time: 00:03:20

Health: 0/27       AC:  9    Str: 16    XL:     3   Next: 91%
Magic:  3/3        EV:  8    Int:  8    God:
Gold:   60         SH:  0    Dex: 14    Spells: 2/2 levels left

rFire   . . .        a - +0 trident
rCold   . . .        (no shield)
rNeg    + . .        m - +0 chain mail
rPois   .            c - +0 helmet
rElec   .            (no cloak)
rCorr   .            (no gloves)
SInv    .            (no boots)
Will    .....        (no amulet) Stlth
                     k - ring of positive energy
HPRegen 0.24/turn    (no ring)
MPRegen 0.08/turn

%: no passive effects
@: no status effects
A: powered by pain 1
a: no special abilities


You were on level 1 of the Dungeon.
You visited 1 branch of the dungeon, and saw 1 of its levels.

You collected 60 gold pieces.

Inventory:

Hand Weapons
 a - a +0 trident (weapon)
Missiles
 d - 3 throwing nets (quivered)
 e - a javelin
Armour
 b - a +0 leather armour
 c - a +0 helmet (worn)
 j - a +0 ring mail
 m - a +0 chain mail (worn)
Jewellery
 k - a ring of positive energy (left hand)
Scrolls
 g - a scroll of revelation {unknown}
 i - a scroll of vulnerability {unknown}
 n - a scroll of acquirement {unknown}
Potions
 f - a potion of haste {unknown}
 l - a potion of cancellation {unknown}


   Skills:
 + Level 2.2 Fighting
 + Level 3.6 Polearms
 + Level 1.9 Throwing
 + Level 0.4 Armour
 + Level 3.2 Dodging
 + Level 0.5 Stealth


You had 2 spell levels left.
You didn't know any spells.
Your spell library contained the following spells:

 Spells                   Type           Power      Damage    Failure   Level
 Mercury Vapours          Alch/Air       0%         N/A       100%        2
 Mephitic Cloud           Conj/Alch/Air  0%         N/A       100%        3
 Freezing Cloud           Conj/Ice/Air   0%         6-21      100%        5


Dungeon Overview and Level Annotations

Branches:
Dungeon (1/15)

Altars:


Innate Abilities, Weirdness & Mutations

You sometimes gain a little power by taking damage.


Message History

You feel better.
The jackal bites you but does no damage.
The ribbon worm bites you but does no damage.
You hit the ribbon worm.
The ribbon worm is heavily wounded.
The jackal barely misses you.
The ribbon worm expels a string of sticky webbing.
The stream of webbing misses you.
The stream of webbing hits the jackal but does no damage.
The jackal is caught in a web!
The ribbon worm bites you but does no damage.
The jackal tears the web.
You hit the ribbon worm.
The ribbon worm is severely wounded.
The jackal bites you but does no damage.
The ribbon worm bites you but does no damage. x2
The jackal closely misses you.
You hit the ribbon worm.
The ribbon worm is severely wounded.
The jackal bites you but does no damage.
The ribbon worm bites you.
* * * LOW HITPOINT WARNING * * *
The ribbon worm expels a string of sticky webbing.
The stream of webbing hits you but does no damage.
You are caught in a web!
The web tears apart.
The jackal bites you but does no damage.
The ribbon worm bites you.
* * * LOW HITPOINT WARNING * * *
The ribbon worm expels a string of sticky webbing.
The stream of webbing hits you but does no damage.
You are caught in a web!
The jackal bites you but does no damage.
The web tears apart.
The jackal bites you but does no damage.
The ribbon worm barely misses you.
You puncture the ribbon worm!
You kill the ribbon worm!
The jackal barely misses you. The ribbon worm bites you.
You die...

#.# #.# #.# #.# #.# #.#
#.###.#####.###.### .##
#.................### ##
#.###############...#
#.#.............#.#.#
########.#.........$...#.#.######
.........# ...........(#.........
#####.##.#######†#######.########
..).#....#.....w@h.....#.#..)#
###.#....'⌠....###....⌠+...#.#
###....#.#......<......#.#...###
.......#.#..⌠...>...⌠..#.......#
.##......###'#######+###.##.##.#
#.####.........................#
#......##.###.##.#.###.#.##.##.#
#.#######.# #......# #.#.##.##.#
.## #.# ######.# #.#....##.#


You could see a ribbon worm and a jackal.

Vanquished Creatures
  A jelly (D:1)
  A ribbon worm (D:1)
  3 bats (D:1)
  4 endoplasms (D:1)
  4 giant cockroaches (D:1)
  4 jackals (D:1)
  3 ball pythons (D:1)
  2 frilled lizards (D:1)
  4 goblins (D:1)
  4 kobolds (D:1)
  2 rats (D:1)
32 creatures vanquished.

Notes
Turn   | Place    | Note
-------+----------+-------------------------------------------
     0 | D:1      | Bobsterar the Demonspawn Gladiator began the quest for the
                  | Orb.
     0 | D:1      | Reached XP level 1. HP: 16/16 MP: 1/1
     1 | D:1      | Found a runed translucent door.
     3 | D:1      | Noticed a jelly
   277 | D:1      | Gained mutation: You sometimes gain a little power by
                  | taking damage. [demonic ancestry]
   277 | D:1      | Reached XP level 2. HP: 22/22 MP: 2/2
   797 | D:1      | Reached XP level 3. HP: 27/27 MP: 3/3
   833 | D:1      | Slain by a ribbon worm

Illustrated notes

Levels and vault maps discovered:
D:1:      dpeg_arrival_caged_fury, layout_loops_ring,
          chequers_serial_rivers_large_b

Skill      XL: |  1  2 |
---------------+-------+-----
Polearms       | 3 |  3.6
Dodging        | 3 |  3.2
Fighting       | |  2.2
Throwing       | |  1.9
Armour         | |  0.4
Stealth        | |  0.5

Action                     || total
---------------------------++-------
  Melee: Trident           ||    96
         Punch             ||     1
    Use: Potion            ||     2
   Stab: Sleeping          ||     1
 Armour: Ring mail         ||    20
         Chain mail        ||    93
  Dodge: Dodged            ||    61
